 Dungeon Crawl Stone Soup version 0.30-a0-6-g7c9e10e132 (webtiles) character file.

Game seed: 1681811856556468001

354 Zeldest the Vexing (level 7, -3/57 HPs)
             Began as a Meteoran Arcane Marksman on Aug 23, 2022.
             Slain by a gnoll
             ... wielding a +0 flail
              (9 damage)
             ... on level 5 of the Dungeon.
             The game lasted 00:07:54 (1123 turns).

Zeldest the Vexing (Meteoran Arcane Marksman)       Turns: 1123, Time: 00:07:55

Health: -3/57      AC:  2    Str: 10 (12) XL:     7   Next: 17%
Magic:  10/10      EV: 12    Int: 15      God:
Gold:   147        SH:  0    Dex: 14 (16) Spells: 5/9 levels left

rFire   . . .      SeeInvis .    a - +1 sling
rCold   . . .      Faith    .    (no shield)
rNeg    . . .      Spirit   .    c - +0 robe
rPois   +          Reflect  .    (no helmet)
rElec   .          Harm     .    (no cloak)
rCorr   .          Rampage  .    (no gloves)
Will    .....                    (no boots)
Stlth   +.........               o - amulet of the acrobat
HPRegen 0.19/turn                k - ring of poison resistance
MPRegen 0.12/turn                (no ring)

@: glowing
A: sense surroundings 1, otherworldly, glowing, explore regen
a: no special abilities


You were on level 5 of the Dungeon.
You visited 1 branch of the dungeon, and saw 5 of its levels.

You collected 147 gold pieces.

Inventory:

Hand Weapons
 a - a +1 sling (weapon)
Armour
 c - a +0 robe (worn)
Jewellery
 i - an amulet of guardian spirit
 k - a ring of poison resistance (left hand)
 o - an amulet of the acrobat (around neck)
Wands
 f - a wand of mindburst (11)
Scrolls
 b - 3 scrolls of poison
 d - 2 scrolls of enchant armour {unknown}
 e - 2 scrolls of blinking {unknown}
 g - 2 scrolls of teleportation {unknown}
 j - a scroll of brand weapon {unknown}
 l - a scroll of identify {unknown}
 n - a scroll of amnesia {unknown}


   Skills:
 + Level 3.2 Fighting
 * Level 4.9 Ranged Weapons
 - Level 2.5 Dodging
 - Level 1.6 Spellcasting
 + Level 5.0 Hexes
 + Level 3.0 Translocations


You had 5 spell levels left.
You knew the following spells:

 Your Spells              Type           Power      Damage    Failure   Level
a - Slow                  Hex            64%        N/A       3%          1
f - Portal Projectile     Hex/Tloc       26%        N/A       13%         3

Your spell library contained the following spells:

 Spells                   Type           Power      Damage    Failure   Level
 Blink                    Tloc           20%        N/A       10%         2
 Lesser Beckoning         Tloc           10%        N/A       21%         3
 Inner Flame              Hex/Fire       8%         N/A       24%         3
 Cause Fear               Hex            8%         N/A       28%         4
 Manifold Assault         Tloc           10%        N/A       88%         5


Dungeon Overview and Level Annotations

Branches:
Dungeon (5/15) Zot: 1834
 Temple: D:4-7

Altars:

Shops:
D:1 *


Innate Abilities, Weirdness & Mutations

You passively map a small area around you.
You are easily found by Zot.
You glow in the dark.
You regain HP and MP as you explore.


Message History

Press: ? - help, Q - select action, (/) - cycle Shift-Dir - straight line, f/p - gnoll
Aim: a gnoll, wielding a +0 spear (severely wounded, 64% to hit)
You shoot a sling bullet.
The sling bullet closely misses the gnoll.
The sling bullet hits the gnoll.
The gnoll is heavily wounded.
The gnoll hits you from afar with a +0 spear.
* * * LOW HITPOINT WARNING * * *
Unknown command.
Fire: a) +1 sling
Press: ? - help, Q - select action, (/) - cycle Shift-Dir - straight line, f/p - gnoll
Aim: a gnoll, wielding a +0 spear (severely wounded, 64% to hit)
You shoot a sling bullet.
The sling bullet barely misses the gnoll.
The sling bullet hits the gnoll.
The gnoll is almost dead.
The gnoll hits you from afar with a +0 spear!
* * * LOW HITPOINT WARNING * * *
Fire: a) +1 sling
Press: ? - help, Q - select action, (/) - cycle Shift-Dir - straight line, f/p - gnoll
Aim: a gnoll, wielding a +0 spear (severely wounded, 64% to hit)
You shoot a sling bullet.
The sling bullet hits the gnoll but does no damage.
The gnoll is severely wounded.
The gnoll hits you from afar with a +0 spear.
* * * LOW HITPOINT WARNING * * *
Fire: a) +1 sling
Press: ? - help, Q - select action, (/) - cycle Shift-Dir - straight line, f/p - gnoll
Aim: a gnoll, wielding a +0 spear (severely wounded, 64% to hit)
You shoot a sling bullet. The sling bullet hits the gnoll.
You kill the gnoll!
Fire: a) +1 sling
Press: ? - help, Q - select action, (/) - cycle Shift-Dir - straight line, f - gnoll
Aim: a gnoll, wielding a +0 flail (almost dead, 64% to hit)
You shoot a sling bullet.
The sling bullet closely misses the gnoll.
The sling bullet hits the gnoll but does no damage.
The gnoll is moderately wounded.
The gnoll hits you with a +0 flail!
You die...

* #.# * ...8#
#.# #.# #>##
* #.# #.#
###### #.#
#.#####<# #.#
#.......# *
#g#
######.#..#**
#)# .###..# ,
#g# ##, ....,
#####@# *,
*.##. #.....#
* .##.
#.##### * ##.
#.# , #. #.#
*, #. #.# #.
#.# * #. #.#
#. #.# #. #.


You could see 2 gnolls.

Vanquished Creatures
  An ogre (D:5)
  A phantom (D:4)
  2 hounds
  An orc wizard (D:3)
  An iguana (D:5)
  2 gnolls (D:5)
  3 adders
  A worm (D:2)
  3 orcs
  3 ball pythons
  4 bats
  3 endoplasms
  3 goblins
  4 hobgoblins
  3 jackals (D:3)
  3 quokkas
  3 frilled lizards
  2 kobolds
  4 rats
47 creatures vanquished.

Vanquished Creatures (others)
  A plant (D:1)
1 creature vanquished.

Grand Total: 48 creatures vanquished

Notes
Turn   | Place    | Note
-------+----------+-------------------------------------------
     0 | D:1      | Zeldest the Meteoran Arcane Marksman began the quest for
                  | the Orb.
     0 | D:1      | Reached XP level 1. HP: 16/16 MP: 3/3
    71 | D:1      | Found Zyeseun's Assorted Antiques.
   110 | D:1      | Reached XP level 2. HP: 23/23 MP: 5/5
   211 | D:2      | Reached XP level 3. HP: 28/28 MP: 6/6
   327 | D:3      | Learned a level 3 spell: Portal Projectile
   390 | D:3      | Reached skill level 1 in Translocations
   482 | D:4      | Reached skill level 4 in Hexes
   549 | D:4      | Reached XP level 4. HP: 30/36 MP: 5/7
   610 | D:4      | Reached XP level 5. HP: 36/41 MP: 2/8
   666 | D:4      | Noticed a phantom
   683 | D:4      | Killed a phantom
   684 | D:4      | Reached XP level 6. HP: 20/50 MP: 2/9
   752 | D:5      | Entered Level 5 of the Dungeon
  1048 | D:5      | Noticed an ogre
  1055 | D:5      | Killed an ogre
  1056 | D:5      | Reached skill level 5 in Hexes
  1056 | D:5      | Reached XP level 7. HP: 44/57 MP: 10/10
  1123 | D:5      | Slain by a gnoll

Illustrated notes

Levels and vault maps discovered:
D:1:      roderic_crop_circles_arrival_small, layout_rooms, serial_shops,
          nicolae_shop_behind_doors, ebering_ecumenical_altar_hall
D:2:      layout_basic, basic_altar, nicolae_elevator_lobby_plus,
          uniq_crazy_yiuf_cottage
D:3:      layout_basic, palyth_stone_intersect, uniq_sigmund
D:4:      layout_layer_cave, nemelex_dance_club_becter, minmay_unequal
D:5:      layout_loops_ring, mainiacjoe_overflow_24_doors,
          nicolae_overflow_hidden_temple

Skill      XL: |  1  2  3  4  5  6 |
---------------+-------------------+-----
Translocations | 1 2 3 |  3.0
Hexes          | 4 5 |  5.0
Ranged Weapons | 3 4 |  4.9
Fighting       | 2 3 |  3.2
Dodging        | |  2.5
Spellcasting   | |  1.6

Action                   |  1- 3 |  4- 6 |  7- 9 || total
-------------------------+-------+-------+-------++-------
Melee: Unarmed           |       |     4 |       ||     4
 Fire: Sling             |   101 |   112 |    17 ||   230
 Cast: Slow              |     2 |     2 |       ||     4
       Portal Projectile |       |     3 |       ||     3
  Use: Potion            |       |     4 |       ||     4
Armor: Robe              |    20 |    14 |     1 ||    35
       Skin              |       |    10 |       ||    10
Dodge: Dodged            |    28 |    52 |     7 ||    87

Table legend: (Time is in decaauts)
 A = Elapsed time spent in this place.
 B = Non-inter-level travel time spent in this place.
 C = Inter-level travel time spent in this place.
 D = Time resting spent in this place.
 E = Time spent auto-exploring this place.
 F = Levels seen in this place.
 G = Mean time per level.
                   A        B        C        D        E       F      G
               +--------+--------+--------+--------+--------+-----+--------+
         Total |   1163 |   1145 |     18 |     24 |      0 |   5 |  232.6 |
       Dungeon |   1163 |   1145 |     18 |     24 |      0 |   5 |  232.6 |
               +--------+--------+--------+--------+--------+-----+--------+

Top non-repeatable levels by time:
     D:4: 382 daAuts
     D:3: 320 daAuts
     D:1: 186 daAuts
     D:2: 151 daAuts
     D:5: 122 daAuts
